 Dungeon Crawl Stone Soup version 0.30-a0-222-ge547ba4400 (webtiles) character file.

Game seed: 4718108758188323477

445 bande the Chopper (level 7, -3/44 HPs)
             Began as a Gargoyle Fighter on Oct 9, 2022.
             Slain by an ogre
             ... wielding a +0 giant club
              (19 damage)
             ... on level 4 of the Dungeon.
             The game lasted 00:06:13 (3974 turns).

bande the Chopper (Gargoyle Fighter)                Turns: 3974, Time: 00:06:14

Health: -3/44      AC: 19    Str: 20    XL:     7   Next: 3%
Magic:  7/7        EV:  5    Int:  8    God:
Gold:   162        SH:  4    Dex: 11    Spells: 6/6 levels left

rFire   . . .      SeeInvis .    a - +1 war axe
rCold   . . .      Faith    .    c - +0 buckler
rNeg    + . .      Spirit   .    k - +0 plate armour
rPois   ∞          Reflect  .    (no helmet)
rElec   +          Harm     .    (no cloak)
rCorr   .          Rampage  .    (no gloves)
Will    .....                    o - +1 pair of boots
Stlth   ..........               (no amulet)
HPRegen 0.27/turn                (no ring)
MPRegen 0.10/turn                (no ring)

@: no status effects
A: sickness immunity, AC +4, negative energy resistance 1, electricity
resistance, torment resistance 1, petrification resistance
a: no special abilities


You were on level 4 of the Dungeon.
You visited 1 branch of the dungeon, and saw 4 of its levels.

You collected 162 gold pieces.

Inventory:

Hand Weapons
 a - a +1 war axe (weapon)
 f - a +0 war axe
 i - a +0 flail
Armour
 c - a +0 buckler (worn)
 k - a +0 plate armour (worn)
 o - a +1 pair of boots (worn)
Wands
 r - a wand of roots (3)
Scrolls
 g - 2 scrolls of blinking
 n - 2 scrolls of teleportation {unknown}
Potions
 b - 2 potions of resistance
 d - a potion of might
 e - 2 potions of flight
 h - 2 potions of curing {unknown}
 j - 2 potions of degeneration {unknown}
 l - a potion of magic {unknown}
 m - 2 potions of attraction {unknown}
 p - a potion of cancellation {unknown}
 q - 2 potions of berserk rage {unknown}
 s - 2 potions of brilliance {unknown}


   Skills:
 + Level 4.7 Fighting
 + Level 4.8 Axes
 + Level 4.6 Armour
 - Level 0.1 Dodging
 - Level 0.2 Stealth
 + Level 4.1 Shields


You had 6 spell levels left.
You didn't know any spells.
Your spell library contained the following spells:

 Spells                   Type           Power      Damage    Failure   Level
 Apportation              Tloc           0%         N/A       100%        1
 Slow                     Hex            0%         N/A       100%        1
 Confusing Touch          Hex            0%         N/A       100%        3
 Vampiric Draining        Necr           0%         2d6       100%        3
 Cause Fear               Hex            0%         N/A       100%        4
 Alistair's Intoxication  Tmut/Pois      0%         N/A       100%        5
 Dragon Form              Tmut           0%         N/A       100%        7
 Dragon's Call            Summ           0%         N/A       100%        9


Dungeon Overview and Level Annotations

Branches:
Dungeon (4/15)
 Temple: D:4-7

Altars:
Kikubaaqudgha
The Shining One

Shops:
D:3 :


Innate Abilities, Weirdness & Mutations

You are immune to sickness and miasma.
Your stone body is resilient. (AC +4)
You are immune to poison.
You resist negative energy. (rN+)
You are resistant to electric shocks. (rElec)
You are resistant to unholy torment.
You are immune to petrification.


Message History

No target in view!
No target in view!
No target in view!
No target in view!
Found a tower shield.
You now have 145 gold pieces (gained 7).
You open the door.
There is an open door here.
You open the door.
There is an open door here.
You now have 162 gold pieces (gained 17).
n - 2 scrolls labelled LAICEKHL ETENA (gained 1)
You open the door.
There is an open door here.
You open the door.
An ogre comes into view. It is wielding a +0 giant club.
The ogre shouts!
There is an open door here.
An ogre is nearby!
You block the ogre's attack.
You slash the ogre!
The ogre is moderately wounded.
The ogre hits you with a +0 giant club!
You hit the ogre.
The ogre is heavily wounded.
The ogre hits you but does no damage.
You hit the ogre.
The ogre is heavily wounded.
The ogre hits you with a +0 giant club!!
You are too injured to fight recklessly!
You are too injured to fight recklessly!
You are too injured to fight recklessly!
You are too injured to fight recklessly!
You are too injured to fight recklessly!
You are too injured to fight recklessly!
You are too injured to fight recklessly!
You slash the ogre!
The ogre is almost dead.
The ogre hits you with a +0 giant club!!
You die...

#...........#
............#
............#
......#+#####
#+#+#.#.#.#.#
.#.#.#.#.#.##
#.#.#.#.#+#.#######
.#.#.......###....######
#.#.#......'.'..@O......
.#.#+....[.###........##
#.#.#.......##........#
.#.#.#+#+#.###....#####
#.#.#.# .#. ......#
.#.#.#. # #######.#
#.#.#. ... .#.#.#.#. .##
#.#.#.#.#.


You could see an ogre.

Vanquished Creatures
  Duvessa (D:4)
  Dowan (D:4)
  A hound (D:3)
  An orc priest (D:3)
  3 orc wizards (D:3)
  4 gnolls
  2 adders
  3 dart slugs (D:2)
  4 worms
  14 orcs (D:3)
  7 ball pythons
  8 endoplasms
  A giant cockroach (D:1)
  6 hobgoblins
  7 kobolds
  5 quokkas
  4 bats
  3 frilled lizards
  5 goblins
  8 rats
  A spectral goblin (D:1)
89 creatures vanquished.

Vanquished Creatures (others)
  30 plants (D:4)
30 creatures vanquished.

Grand Total: 119 creatures vanquished

Notes
Turn   | Place    | Note
-------+----------+-------------------------------------------
     0 | D:1      | bande the Gargoyle Fighter began the quest for the Orb.
     0 | D:1      | Reached XP level 1. HP: 14/14 MP: 1/1
    83 | D:1      | Found a faded altar of an unknown god.
   240 | D:1      | Reached XP level 2. HP: 19/19 MP: 2/2
   979 | D:2      | Reached XP level 3. HP: 23/23 MP: 3/3
  1222 | D:2      | Identified the +1 dagger "Ifi Jeg" {spect, rF- rC+++ Str-2
                  | Stlth+}
  1817 | D:3      | Reached XP level 4. HP: 28/29 MP: 4/4
  2084 | D:3      | Reached XP level 5. HP: 26/33 MP: 5/5
  2301 | D:3      | Found Dekoew's Book Boutique.
  2467 | D:3      | Reached XP level 6. HP: 16/39 MP: 6/6
  3048 | D:3      | Found a glowing golden altar of the Shining One.
  3589 | D:4      | Found an ancient bone altar of Kikubaaqudgha.
  3656 | D:4      | Noticed Dowan
  3656 | D:4      | Noticed Duvessa
  3664 | D:4      | Killed Dowan
  3669 | D:4      | Killed Duvessa
  3670 | D:4      | Reached XP level 7. HP: 12/44 MP: 7/7
  3974 | D:4      | Slain by an ogre

Illustrated notes

Levels and vault maps discovered:
D:1:      shiori_arrival_elements, layout_basic,
          dreamdust_ecumenical_altar_drowned_temple, minmay_tetromino_t2
D:2:      layout_loops_corners
D:3:      minmay_recursive_quarters, layout_loops_ring, lemuel_doored_altar,
          serial_shops, nicolae_shop_stone
D:4:      wad_woods_stonehenge, layout_basic, chequers_serial_rivers_micro_a,
          uniq_duvessa, uniq_grinder

Skill      XL: |  1  2  3  4  5  6 |
---------------+-------------------+-----
Axes           | 2 3 4 |  4.8
Fighting       | 4 |  4.7
Armour         | 4 |  4.6
Shields        | 4 |  4.1
Dodging        | |  0.1
Stealth        | |  0.2

Action                   |  1- 3 |  4- 6 |  7- 9 || total
-------------------------+-------+-------+-------++-------
Melee: War axe           |   102 |   137 |    17 ||   256
  Use: Scroll            |     7 |     3 |       ||    10
Armor: Scale mail        |    29 |       |       ||    29
       Plate armour      |    42 |   144 |     8 ||   194
Dodge: Dodged            |    40 |    39 |     3 ||    82
Block: Buckler           |    23 |    38 |     4 ||    65

Table legend: (Time is in decaauts)
 A = Elapsed time spent in this place.
 B = Non-inter-level travel time spent in this place.
 C = Inter-level travel time spent in this place.
 D = Time resting spent in this place.
 E = Time spent auto-exploring this place.
 F = Levels seen in this place.
 G = Mean time per level.
                   A        B        C        D        E       F      G
               +--------+--------+--------+--------+--------+-----+--------+
         Total |   4082 |   3950 |    132 |    741 |   2381 |   4 | 1020.5 |
       Dungeon |   4082 |   3950 |    132 |    741 |   2381 |   4 | 1020.5 |
               +--------+--------+--------+--------+--------+-----+--------+

Top non-repeatable levels by time:
     D:3: 1735 daAuts
     D:1: 924 daAuts
     D:2: 920 daAuts
     D:4: 502 daAuts
